Unix NetHack Version 3.7.0-102 Work-in-progress - last build Apr 6 2024 13:22:21 (d302a6a9ff6341f1a922d8f5af178406b35fdf99,branch:master). Game began 2024-04-27 16:07:56, ended 2024-04-28 04:53:39. spontiff, neutral male gnomish Healer |.| ---- --.| |..----..| |....|...--- ---.- --.........| |...--------...| |-.--.....-- --............--| |..||-.....| ..f-----------).-----------.%....-- ..e@..--- --.....................| ..:--...----.....-----------.....-- ....|--......--...| |....-- ....| ----..----..| --.<-- --.-- ---- ---- ---- --- Spontiff the Rhizotomist St:8 Dx:8 Co:16 In:10 Wi:17 Ch:17 Neutral S:250 Dlvl:5 $:0 HP:0(25) Pw:5(5) AC:3 Xp:1/0 T:3391 Latest messages: In what direction? h You hear a hollow sound. This must be a secret passage! What do you want to use or apply? [fkostSZ or ?*] s In what direction? j You hear nothing special. What do you want to use or apply? [fkostSZ or ?*] s In what direction? k You hear nothing special. You climb up the stairs. What do you want to use or apply? [fkostSZ or ?*] o You produce a strange whistling sound. Your large cat shifts location. What do you want to use or apply? [fkostSZ or ?*] s In what direction? l Status of the large cat (neutral, small): Level 9 HP 72(72) AC 4, tame, can't move. The iguana bites! What do you want to use or apply? [fkostSZ or ?*] o You produce a strange whistling sound. Your large cat appears. The iguana bites! What do you want to use or apply? [fkostSZ or ?*] o You produce a strange whistling sound. Your large cat shifts location. The iguana bites! What do you want to use or apply? [fkostSZ or ?*] f What do you want to use or apply? [fkostSZ or ?*] o You produce a strange whistling sound. Your large cat appears. What do you want to use or apply? [fkostSZ or ?*] s In what direction? y Status of the large cat (neutral, small): Level 9 HP 72(72) AC 4, tame, can't move. You descend the stairs. You climb up the stairs. You hit the floating eye. You are frozen by the floating eye's gaze! The iguana bites! The iguana bites! The iguana bites! The iguana bites! The iguana bites! The iguana bites! The iguana bites! The iguana bites! The iguana bites! The iguana just misses! The iguana bites! The iguana bites! You die... Do you want your possessions identified? [ynq] (y) y Do you want to see the dungeon overview? [ynq] (y) y Inventory: Armor h - an uncursed +0 dwarvish iron helm (being worn) g - an uncursed +1 pair of leather gloves (being worn) v - an uncursed +0 pair of iron shoes (being worn) q - an uncursed +0 oilskin cloak (being worn) Comestibles y - an uncursed apple n - an uncursed food ration Potions c - an uncursed potion of healing Wands Z - an uncursed wand of polymorph (0:5) S - an uncursed wand of sleep (0:8) Tools f - an uncursed bag of holding containing 32 items o - an uncursed magic whistle k - an uncursed skeleton key s - an uncursed stethoscope t - an uncursed towel Gems/Stones E - an uncursed sapphire Contents of the bag of holding: 1345 gold pieces an uncursed +0 dart an uncursed +0 elven dagger a cursed -1 orcish dagger an uncursed +0 dwarvish cloak an uncursed +0 dwarvish cloak a blessed scroll of confuse monster an uncursed scroll of create monster an uncursed scroll of enchant weapon a blessed scroll of identify an uncursed scroll of identify a cursed scroll of identify a blessed spellbook of extra healing a blessed spellbook of healing an uncursed spellbook of magic missile a blessed spellbook of stone to flesh an uncursed potion of booze 3 uncursed potions of extra healing a cursed potion of gain energy an uncursed potion of oil an uncursed potion of see invisible an uncursed ring of cold resistance a cursed leash an uncursed +0 pick-axe a cursed tinning kit (0:63) 2 uncursed jasper stones an uncursed worthless piece of green glass an uncursed worthless piece of red glass a cursed worthless piece of red glass an uncursed worthless piece of violet glass 3 uncursed worthless pieces of white glass an uncursed worthless piece of yellowish brown glass Spontiff the Healer's attributes: Background: You were a Rhizotomist, a level 1 male gnomish Healer. You were neutral, on a mission for Hermes who was opposed by Athena (lawful) and Poseidon (chaotic). You were right-handed. You were in the Gnomish Mines, on level 5. You entered the dungeon 3391 turns ago. It was nighttime. You had 0 experience points, 20 were needed to attain level 2. Your score was 250 before end-of-game adjustments. Basics: You had 0 out of 25 hit points. You had all 5 energy points (spell power). Your armor class was 3. Your wallet was empty, but you had 1345 zorkmids stashed away in your pack. Autopickup was on for '$!/="?' plus thrown, with exceptions. Final Characteristics: Your strength was 8 (limit:18/50). Your dexterity was 8 (limit:18). Your constitution was 16 (limit:18). Your intelligence was 10 (limit:19). Your wisdom was 17 (limit:18). Your charisma was 17 (limit:18). Final Status: You weren't hungry. You were unencumbered. You were empty handed. You were unskilled in bare handed combat. Final Attributes: You were devoutly aligned. You were poison resistant. You had infravision. You were guarded. You are dead. Miscellaneous: You never encountered a bones level. Total elapsed playing time was 1 hour, 3 minutes and 37 seconds. Major events: Turn 1: spontiff the neutral male gnomish Healer entered the dungeon 851: entered the Gnomish Mines 3391: killed by an iguana, while frozen by a floating eye's gaze Vanquished creatures: a gnome leader 4 dwarves 2 iguanas an acid blob a gas spore a hobbit 4 large kobolds 9 giant rats a yellow mold 2 red molds 6 gnomes a gnome zombie 4 geckos 12 jackals 2 foxes 2 kobolds 4 goblins 3 sewer rats 19 grid bugs 4 bats 4 lichens a kobold zombie 7 newts 95 creatures vanquished. No species were genocided or became extinct. Voluntary challenges: You never hit with a wielded weapon. You were a pacifist. You read items or engraved 1 time. You never engraved Elbereth. You never genocided any monsters. You never polymorphed an object. You never changed form. You used no wishes. Achievements: You entered a shop. You entered the Gnomish Mines. The Dungeons of Doom: levels 1 to 3 Level 1: "vault" Level 2: A shop, a fountain. Stairs down to The Gnomish Mines. Level 3: The Gnomish Mines: levels 3 to 6 Level 3: "magic trap" Level 4: Level 5: <- You were here. Final resting place for you, killed by an iguana, while frozen by a floating eye's gaze. Level 6: Game over: ---------- / \ / REST \ / IN \ / PEACE \ / \ | spontiff | | 1345 Au | | killed by an | | iguana | | | | | | 2024 | *| * * * | * _________)/\\_//(\/(/\)/\//\/|_)_______ Goodbye spontiff the Healer... You died in The Gnomish Mines on dungeon level 5 with 250 points, and 1345 pieces of gold, after 3391 moves. You were level 1 with a maximum of 25 hit points when you died.